Map: [ESL] NeoHumanity

Players

Bunny - Winner!

  • Race: Terran Terran

Lambo

  • Race: Zerg Zerg

Event: IEM Katowice 2023

VOD

Have the link to the VOD?

Description

Time

  • Played on: Feb. 9, 2023, 1:29 p.m.
  • Length: 9:41

All games in this series

Show
View Real Time Build Order
Export as new Build Order

Bunny Terran - Winner!

Build Orders: Reaper Expand 

Get SALT Encoding   

  12  0:00  SCV  
  13  0:12  SCV  
  14  0:17  Supply Depot  
  14  0:24  SCV  
  15  0:38  SCV  
  15  0:39  Barracks  
  15  0:42  Refinery  
  16  0:50  SCV  
  17  1:02  SCV  
  18  1:14  SCV  
  19  1:26  Orbital Command, Reaper  
  20  1:38  Command Center  
  20  1:45  Supply Depot  
  20  1:52  SCV  
  21  1:58  Marine  
  22  2:04  SCV  
  22  2:06  Factory  
  23  2:16  SCV  
  23  2:21  Barracks Reactor  
  24  2:28  SCV  
  25  2:40  SCV  
  25  2:41  Command Center  
  26  2:50  Orbital Command  
  26  2:52  SCV  
  27  2:59  Starport  
  27  3:04  SCV  
  28  3:09  Refinery  
  28  3:13  Hellion  
  28  3:15  Hellion  
  28  3:17  SCV  
  34  3:20  SCV  
  34  3:21  Barracks Tech Lab  
  34  3:29  SCV  
  34  3:32  SCV  
  36  3:35  Hellion  
  36  3:37  Hellion  
  36  3:39  Viking  
  42  3:43  SCV  
  42  3:44  Marine, SCV  
  45  3:53  Orbital Command  
  45  3:54  Stimpack  
  45  3:58  Hellion  
  45  4:00  Hellion  
  45  4:01  SCV  
  50  4:03  SCV  
  51  4:13  SCV  
  51  4:15  SCV  
  53  4:20  SCV  
  54  4:24  Starport Reactor  
  54  4:27  SCV x2  
  54  4:28  Barracks  
  54  4:30  Barracks  
  54  4:31  Factory Tech Lab  
  56  4:32  SCV  
  56  4:33  Marine  
  56  4:34  Supply Depot  
  58  4:43  Engineering Bay, SCV x2  
  58  4:44  Engineering Bay, Refinery  
  60  4:48  Orbital Command  
  60  4:49  Refinery  
  60  4:55  SCV  
  60  4:56  Siege Tank, SCV  
  65  5:02  Barracks, Supply Depot  
  65  5:05  Supply Depot  
  65  5:07  SCV  
  65  5:08  SCV  
  65  5:09  Starport Reactor  
  65  5:16  Marine x2, SCV  
  65  5:19  Terran Infantry Weapons Level 1, SCV  
  65  5:20  Terran Infantry Armor Level 1  
  69  5:23  Marine  
  69  5:25  SCV  
  69  5:26  Barracks  
  69  5:28  SCV  
  72  5:30  Supply Depot  
  72  5:31  SCV  
  73  5:37  Siege Tank, SCV  
  73  5:39  Marine x3  
  80  5:43  SCV x2  
  80  5:46  Medivac  
  80  5:49  SCV  
  85  5:52  Medivac  
  85  5:54  Supply Depot x2  
  85  5:55  SCV  
  85  5:56  SCV  
  85  5:57  Supply Depot  
  89  6:06  Marine x3  
  89  6:08  Marine x2, Barracks Reactor  
  89  6:09  Combat Shield  
  92  6:15  Siege Tank, SCV x3  
  98  6:19  Barracks Reactor  
  98  6:20  Supply Depot  
  98  6:24  Marine x3  
  101  6:26  Marine x2, Medivac  
  105  6:35  Medivac  
  105  6:36  SCV  
  105  6:37  SCV x2  
  105  6:38  Refinery  
  110  6:41  Supply Depot x2  
  110  6:42  Marine x3  
  110  6:43  Supply Depot  
  110  6:44  Marine  
  114  6:47  Marine  
  114  6:48  Marine x2  
  117  6:55  SCV x2  
  117  6:56  SCV  
  117  6:58  Factory  
  117  6:59  Armory  
  117  7:00  Marine x2  
  110  7:12  Marine x7  
  110  7:15  Widow Mine  
  117  7:17  Marine  
  117  7:18  Medivac  
  117  7:19  Command Center  
  117  7:21  Marine  
  117  7:22  Supply Depot  
  121  7:24  SCV x2  
  121  7:25  SCV  
  121  7:29  Marine  
  124  7:30  Marine x6  
  130  7:37  Medivac  
  130  7:41  Marine  
  130  7:42  Marine  
  134  7:47  Factory Reactor  
  134  7:48  Marauder  
  134  7:49  Concussive Shells  
  135  7:55  Marine  
  135  7:56  Marine x5  
  126  7:58  Medivac  
  126  7:59  Marine x2  
  130  8:08  Widow Mine, Supply Depot  
  130  8:09  Marine  
  130  8:11  Medivac  
  135  8:15  Marine  
  135  8:16  Marine x5  
  139  8:21  SCV x3  
  139  8:26  Marine x2  
  144  8:27  Marauder  
  144  8:29  Widow Mine  
  144  8:31  Barracks  
  144  8:33  Marine x2  
  144  8:34  Marine  
  150  8:35  Widow Mine  
  151  8:41  Marine  
  151  8:42  Marine x2  
  151  8:44  Marine x2  
  141  8:49  Marauder  
  141  8:51  Marine x3  
  138  8:56  SCV x2  
  138  8:59  Marine x3  
  138  9:02  Marine x2  
  142  9:03  Planetary Fortress, Widow Mine  
  142  9:04  Widow Mine x2  
  146  9:18  Marine, Marauder  
  146  9:19  Marine x7  
  146  9:20  Marine  
  143  9:39  Barracks Tech Lab  
Show
View Real Time Build Order
Export as new Build Order

Lambo Zerg 

Build Orders: Hatch First 

Get SALT Encoding   

  12  0:00  Drone  
  13  0:12  Overlord  
  13  0:16  Drone  
  14  0:30  Drone x2  
  16  0:48  Hatchery  
  15  0:50  Drone  
  15  0:54  Drone  
  17  0:57  Drone  
  18  1:08  Extractor  
  17  1:12  Spawning Pool  
  17  1:15  Drone  
  17  1:18  Drone  
  18  1:27  Drone  
  19  1:38  Drone  
  20  1:50  Drone  
  21  2:00  Queen x2  
  21  2:01  Zergling x4  
  27  2:11  Overlord, Drone  
  28  2:20  Extractor  
  28  2:21  Drone  
  28  2:31  Drone  
  28  2:35  Drone x2  
  31  2:38  Extractor  
  31  2:41  Queen  
  32  2:45  Metabolic Boost  
  32  2:46  Overlord  
  32  2:47  Drone  
  33  2:54  Extractor  
  33  2:55  Drone x2  
  35  3:04  Hatchery, Queen  
  37  3:06  Drone  
  37  3:10  Overlord  
  37  3:12  Drone x2  
  40  3:16  Drone  
  40  3:18  Drone x2  
  43  3:29  Drone  
  43  3:31  Drone  
  45  3:38  Queen  
  45  3:39  Queen  
  49  3:42  Drone  
  49  3:44  Drone x2  
  52  3:59  Overlord  
  52  4:00  Overlord  
  52  4:05  Overlord  
  52  4:10  Overlord  
  52  4:15  Queen  
  52  4:16  Queen  
  56  4:17  Zergling x4  
  56  4:21  Drone x6  
  64  4:27  Drone  
  64  4:29  Lair  
  64  4:30  Baneling Nest  
  63  4:34  Zergling x4  
  65  4:40  Zergling x2  
  65  4:44  Zergling x2  
  65  4:45  Zergling x2  
  68  4:50  Queen, Zergling x6  
  73  4:54  Drone x7  
  73  4:58  Spore Crawler  
  73  4:59  Spore Crawler  
  78  5:02  Overlord  
  78  5:04  Overlord  
  78  5:05  Extractor, Overlord  
  77  5:09  Overlord  
  77  5:15  Overlord  
  77  5:17  Overlord  
  77  5:20  Drone x2, Hatchery  
  78  5:26  Drone x6  
  84  5:30  Centrifugal Hooks  
  84  5:32  Drone  
  84  5:33  Extractor, Drone  
  84  5:35  Drone  
  86  5:37  Drone  
  86  5:38  Drone  
  88  5:42  Evolution Chamber  
  88  5:43  Extractor, Drone  
  88  5:44  Drone  
  88  5:45  Evolution Chamber  
  87  5:50  Drone x2  
  87  5:53  Drone  
  89  6:00  Overlord  
  89  6:01  Zergling x12  
  95  6:05  Zergling x2  
  95  6:08  Queen  
  96  6:14  Zergling x6  
  99  6:20  Zerg Melee Weapons Level 1, Zerg Ground Armor Level 1  
  99  6:21  Zergling x2  
  99  6:22  Hatchery  
  99  6:23  Zergling x4  
  101  6:26  Zergling x6  
  101  6:27  Baneling x4  
  101  6:30  Zergling x6  
  107  6:33  Baneling  
  107  6:34  Baneling  
  107  6:35  Zergling x6  
  107  6:37  Zergling x2  
  111  6:43  Drone x2  
  113  6:49  Drone  
  113  6:50  Drone x4  
  118  6:54  Baneling x7  
  118  6:55  Zergling x2  
  118  6:56  Baneling x3  
  118  6:58  Queen  
  118  7:02  Zergling x2  
  118  7:03  Zergling x14  
  114  7:09  Zergling x6  
  114  7:11  Zergling x8  
  114  7:14  Zergling x2  
  114  7:19  Zergling x8  
  114  7:21  Baneling x5, Zergling x2  
  120  7:22  Drone  
  120  7:25  Baneling x6  
  120  7:29  Zergling x8  
  124  7:30  Baneling  
  124  7:32  Drone x2  
  125  7:37  Drone x2  
  125  7:38  Drone x4  
  125  7:41  Baneling x2  
  125  7:44  Zergling x6  
  133  7:47  Overlord  
  125  7:51  Zergling x12  
  125  7:54  Zergling x2  
  117  7:59  Zergling x12  
  117  8:00  Infestation Pit, Baneling  
  117  8:01  Baneling x5  
  120  8:06  Zergling x4  
  120  8:07  Zergling x10  
  120  8:08  Baneling  
  120  8:11  Zergling x8  
  129  8:16  Zergling x6  
  129  8:17  Zergling x4  
  132  8:22  Unknown  
  132  8:23  Zergling x4  
  132  8:25  Baneling x4  
  132  8:26  Zergling x2  
  132  8:27  Zergling x8  
  138  8:28  Baneling x2  
  138  8:30  Zergling x6  
  140  8:39  Zergling x10  
  134  8:43  Zergling x16  
  123  8:50  Zergling x6  
  123  8:53  Drone x4  
  126  8:56  Zergling x4  
  126  8:57  Queen  
  126  9:00  Zergling x4  
  123  9:03  Zergling x2  
  123  9:06  Baneling x8  
  123  9:07  Zergling x8  
  128  9:10  Zergling x8  
  128  9:12  Zergling x6  
  128  9:13  Hatchery  
  128  9:15  Zergling x6  
  130  9:23  Overlord  
  117  9:26  Overseer  

Tags
 
Add a new tag
Caveats
  • Supply blocks, unpowered buildings, or Contaminate may cause inaccurate times.
  • Supply counts are checked every 10 seconds.